 Dungeon Crawl Stone Soup version 0.28.0-53-g5a82cb258f (webtiles) character file.

Game seed: 16546380741635889750

84 Peloso the Shield-Bearer (level 4, 0/44 HPs)
             Began as a Troll Fighter on June 5, 2022.
             Slain by Grinder (2 damage)
             ... on level 3 of the Dungeon.
             The game lasted 00:04:57 (1657 turns).

Peloso the Shield-Bearer (Troll Fighter)            Turns: 1657, Time: 00:04:58

Health: 0/44       AC:  6    Str: 24    XL:     4   Next: 24%
Magic:  3/3        EV:  9    Int:  4    God:
Gold:   94         SH:  7    Dex: 11    Spells: 3/3 levels left

rFire   . . .      SeeInvis .   a - +0 long sword
rCold   . . .      Faith    .   c - +0 kite shield
rNeg    . . .      Spirit   .   l - +2 robe of Xidenyt {rElec Stlth+}
rPois   .          Reflect  .   (helmet restricted)
rElec   +          Harm     .   (no cloak)
rCorr   .          Rampage  .   (gloves unavailable)
Will    .....                   (boots unavailable)
Stlth   ++........              (no amulet)
HPRegen 0.94/turn               (no ring)
MPRegen 0.08/turn               (no ring)

@: no status effects
A: large, unfitting armour, claws 3, regeneration 1, shaggy fur 1, tough skin 1
a: no special abilities


You were on level 3 of the Dungeon.
You visited 1 branch of the dungeon, and saw 3 of its levels.

You collected 94 gold pieces.

Inventory:

Hand Weapons
 a - a +0 long sword (weapon)
Armour
 b - a +0 robe
 c - a +0 kite shield (worn)
 l - the +2 robe of Xidenyt (worn) {rElec Stlth+}
   (You found it on level 2 of the Dungeon)

   rElec:     It insulates you from electricity.
   Stlth:     It makes you more stealthy.
Wands
 o - a wand of acid (13)
Scrolls
 i - a scroll of enchant armour {unknown}
Potions
 d - a potion of might
 e - a potion of attraction {unknown}
 f - 2 potions of mutation {unknown}
 g - a potion of brilliance {unknown}
 h - a potion of flight
 n - a potion of ambrosia


   Skills:
 + Level 2.8 Fighting
 + Level 2.4 Long Blades
 + Level 2.8 Dodging
 + Level 0.4 Stealth
 + Level 2.9 Shields


You had 3 spell levels left.
You didn't know any spells.
Your spell library contained the following spells:

 Spells                   Type           Power      Damage    Failure   Level
 Dazzling Flash           Conj/Hex       0%         N/A       99%         3
 Agony                    Necr           0%         N/A       100%        5
 Silence                  Hex/Air        0%         N/A       100%        5


Dungeon Overview and Level Annotations

Branches:
Dungeon (3/15)

Altars:
Wu Jian

Annotations:
D:3 Grinder


Innate Abilities, Weirdness & Mutations

You are too large for most types of armour.
You have claws for hands.
Your natural rate of healing is unusually fast.
You are covered in fur. (AC +1)
You have tough skin. (AC +1)


Message History

Pain shoots through your body!
Grinder blinks!
You can move again.
Grinder blinks!
An adder comes into view.
Grinder gestures at you. You resist with significant effort.
The adder hisses angrily.
You hit Grinder.
Grinder is severely wounded.
Grinder gestures at you. You resist with significant effort.
Grinder closely misses you.
You closely miss Grinder.
Grinder is severely wounded.
Grinder gestures at you.
You suddenly lose the ability to move!
Grinder says, "FISH!"
Grinder gestures at you. Pain shoots through your body! Grinder hits you.
You writhe in agony.
The adder bites you but does no damage.
Grinder says, "There's only one good use for a tongue: cutting it out."
Grinder blinks!
The adder bites you. The adder completely misses you. Grinder gestures at you.
Pain shoots through your body!
* * * LOW HITPOINT WARNING * * *
The adder bites you but does no damage.
You can move again.
You closely miss the adder. You block the adder's attack.
The adder bites you but does no damage.
Unknown command.
You closely miss Grinder.
Grinder is severely wounded.
Grinder hits you!
* * * LOW HITPOINT WARNING * * *
You writhe in agony.
* * * LOW HITPOINT WARNING * * *
The adder closely misses you. Grinder hits you.
You die...

...≈≈... .## #
.$....# ..# #..
♣.....##..#
...♣♣.._......#
#......... ...#
#........# ...#
#...≈≈..##..#
#...≈≈.S)5..#..#
##......@........
###....)#####...
###.##..####..#
#<..........#
#..##.#####.
#######..##.#
#......>.##.#
#.######.##.#
#...###.....#


You could see Grinder and an adder.

Vanquished Creatures
  Robin (D:2)
  An adder (D:2)
  A worm (D:3)
  A dart slug (D:1)
  3 orcs (D:3)
  A ball python (D:2)
  4 bats
  2 endoplasms (D:2)
  3 giant cockroaches
  13 goblins
  3 hobgoblins
  4 jackals (D:1)
  5 quokkas
  4 frilled lizards
  2 kobolds (D:1)
48 creatures vanquished.

Vanquished Creatures (others)
  A fungus (D:2)
1 creature vanquished.

Grand Total: 49 creatures vanquished

Notes
Turn   | Place    | Note
-------+----------+-------------------------------------------
     0 | D:1      | Peloso the Troll Fighter began the quest for the Orb.
     0 | D:1      | Reached XP level 1. HP: 22/22 MP: 0/0
   269 | D:1      | Reached XP level 2. HP: 29/29 MP: 1/1
   971 | D:2      | Reached XP level 3. HP: 32/36 MP: 2/2
  1043 | D:2      | Identified the +2 robe of Xidenyt {rElec Stlth+}
  1096 | D:2      | Found a faded altar of an unknown god.
  1251 | D:2      | Noticed Robin
  1287 | D:2      | Killed Robin
  1288 | D:2      | Reached XP level 4. HP: 44/44 MP: 3/3
  1601 | D:3      | Found an ornate altar of the Wu Jian Council.
  1604 | D:3      | Noticed Grinder
  1613 | D:3      | Paralysed by Grinder for 2 turns
  1639 | D:3      | Paralysed by Grinder for 7 turns
  1650 | D:3      | Paralysed by Grinder for 6 turns
  1657 | D:3      | HP: 2/44 [Grinder (2)]
  1657 | D:3      | Slain by Grinder

Illustrated notes

Levels and vault maps discovered:
D:1:      minmay_arrival_four_houses, layout_loops_ring, minmay_misc_feat_cross
D:2:      layout_basic, shapermc_ecumenical_altar_mp_urbaneastern,
          minmay_misc_feat_iff, nicolae_concentric_dashed_squares_wild,
          nicolae_elevator_lobby_plus, uniq_robin
D:3:      layout_basic, nicolae_wu_jian_wuxing_cycle, grunt_ministairs_8,
          uniq_grinder

Skill      XL: |  1  2 |
---------------+-------+-----
Long Blades    | 2 |  2.4
Fighting       | |  2.8
Dodging        | |  2.8
Stealth        | |  0.4
Shields        | |  2.9

Action                   |  1- 3 |  4- 6 || total
-------------------------+-------+-------++-------
Melee: Long sword        |   133 |    31 ||   164
  Use: Scroll            |       |     5 ||     5
 Stab: Sleeping          |     3 |     2 ||     5
Armor: Robe              |    84 |    13 ||    97
Dodge: Dodged            |    88 |    14 ||   102
Block: Kite shield       |    85 |     9 ||    94
